Map: Curious Minds LE

Players

Freelancer

  • Race: Zerg Zerg
  • League: Master
  • Spawn Location: 5:00

Pumba - Winner!

  • Race: Protoss Protoss
  • League: Diamond
  • Spawn Location: 11:00

VOD

Have the link to the VOD?

Description

Time

  • Played on: March 15, 2022, 10:43 p.m.
  • Length: 7:49
Show
View Real Time Build Order
Export as new Build Order

Freelancer Zerg 

Build Orders: Hatch First 

Get SALT Encoding   

  12  0:00  Drone  
  13  0:12  Overlord  
  13  0:16  Drone  
  14  0:30  Drone x2  
  14  0:34  Drone  
  17  0:51  Hatchery  
  17  0:54  Drone  
  17  0:57  Drone  
  18  1:08  Extractor  
  17  1:12  Spawning Pool  
  17  1:15  Drone  
  17  1:19  Drone  
  18  1:27  Drone  
  19  1:39  Overlord  
  19  1:49  Drone  
  20  1:58  Queen  
  20  2:00  Drone  
  23  2:03  Queen  
  23  2:04  Drone  
  26  2:10  Drone  
  26  2:15  Zergling x2  
  28  2:19  Metabolic Boost  
  28  2:24  Zergling x2  
  28  2:29  Zergling x2  
  30  2:33  Hatchery  
  30  2:35  Drone  
  30  2:42  Queen  
  32  2:46  Overlord  
  32  2:53  Drone x2  
  32  2:55  Drone  
  35  3:02  Drone  
  36  3:15  Overlord  
  36  3:17  Overlord  
  36  3:33  Queen  
  36  3:34  Drone x3  
  40  3:36  Drone x2  
  40  3:37  Drone  
  40  3:39  Drone x2  
  46  3:46  Queen  
  48  3:58  Drone x2, Overlord  
  50  4:03  Drone  
  50  4:04  Roach Warren  
  50  4:08  Drone x5  
  55  4:10  Lair  
  55  4:19  Drone x2  
  55  4:20  Drone x3, Overlord  
  55  4:23  Extractor  
  59  4:34  Drone x3, Extractor  
  61  4:47  Roach  
  61  4:48  Roach x3  
  61  4:51  Roach  
  63  5:08  Ravager  
  63  5:09  Overseer  
  63  5:11  Roach  
  63  5:12  Roach x3  
  67  5:23  Extractor  
  67  5:25  Glial Reconstitution  
  66  5:42  Overlord  
  66  5:44  Overseer  
  66  5:49  Overlord x3  
  66  5:54  Queen, Extractor x2  
  66  6:09  Roach x14  
  66  6:10  Roach  
  96  6:18  Roach x3  
  97  6:19  Overlord  
  97  6:23  Overlord  
  97  6:27  Overlord x3  
  97  6:36  Spire  
  97  6:37  Drone, Overlord  
  97  6:38  Overlord  
  97  6:46  Drone x3  
  100  6:47  Overlord x2  
  100  6:49  Overlord  
  100  7:00  Overlord  
  100  7:04  Overlord  
  101  7:08  Drone  
  101  7:09  Drone x4  
  101  7:10  Drone x3  
  101  7:11  Drone x2  
  110  7:16  Overseer  
  110  7:22  Overlord  
  110  7:26  Overlord  
  110  7:30  Overlord  
  110  7:31  Drone  
  110  7:32  Drone x8  
Show
View Real Time Build Order
Export as new Build Order

Pumba Protoss - Winner!

Build Orders: 1 Gate Expand, Zealot Archon, Archon Drop, Dark Templar Rush 

Get SALT Encoding   

  12  0:01  Probe  
  13  0:13  Probe  
  14  0:20  Pylon  
  14  0:25  Probe  
  15  0:38  Probe (Chrono Boost)  
  15  0:39  Gateway  
  16  0:45  Assimilator  
  17  0:50  Probe (Chrono Boost)  
  17  0:54  Probe (Chrono Boost)  
  18  1:05  Probe  
  19  1:17  Probe  
  20  1:26  Nexus  
  20  1:36  Cybernetics Core  
  20  1:38  Probe  
  21  1:43  Assimilator  
  21  1:50  Probe  
  21  1:53  Pylon  
  22  2:03  Probe  
  23  2:09  Adept (Chrono Boost)  
  23  2:13  Warp Gate  
  23  2:15  Probe  
  26  2:27  Twilight Council  
  26  2:28  Probe (Chrono Boost)  
  27  2:30  Stalker (Chrono Boost)  
  29  2:38  Probe (Chrono Boost)  
  31  2:45  Probe (Chrono Boost)  
  31  2:50  Probe (Chrono Boost)  
  32  2:53  Robotics Facility, Probe  
  33  3:03  Probe  
  33  3:05  Probe  
  35  3:15  Probe  
  35  3:17  Probe  
  37  3:27  Probe  
  37  3:29  Probe  
  37  3:32  Dark Shrine  
  37  3:33  Gateway  
  39  3:35  Gateway  
  39  3:37  Gateway  
  39  3:40  Probe  
  40  3:41  Probe  
  40  3:43  Warp Prism (Chrono Boost)  
  43  3:53  Probe x2  
  45  3:56  Pylon  
  45  4:00  Assimilator  
  45  4:05  Probe, Assimilator  
  46  4:10  Pylon  
  46  4:14  Probe  
  46  4:15  Pylon  
  47  4:24  Probe  
  48  4:26  Probe  
  49  4:36  Probe  
  50  4:43  Probe  
  51  4:46  Dark Templar x4  
  59  5:07  Observer (Chrono Boost), Gateway  
  60  5:11  Charge  
  60  5:16  Gateway x2  
  60  5:19  Immortal (Chrono Boost)  
  64  5:24  Gateway  
  64  5:27  Gateway  
  64  5:35  Nexus  
  64  5:39  Archon x2  
  64  5:52  Pylon  
  64  5:53  Pylon  
  64  5:55  Pylon x2  
  64  5:57  Pylon  
  64  6:02  Immortal (Chrono Boost)  
  68  6:28  Dark Templar x5  
  82  6:33  Dark Templar, Immortal (Chrono Boost)  
  84  6:40  Zealot x2, Archon  
  84  6:41  Archon x2, Pylon  
  88  7:08  Zealot x4  
  88  7:09  Zealot x4  
  104  7:19  Zealot  
  106  7:23  Pylon  
  106  7:25  Pylon  
  106  7:32  Zealot x2  
  106  7:33  Zealot x3  
  112  7:40  Zealot x2  
Tags
 
Add a new tag
Caveats
  • Supply blocks, unpowered buildings, or Contaminate may cause inaccurate times.
  • Supply counts are checked every 10 seconds.